 Dungeon Crawl Stone Soup version 0.29-a0-993-g4a18f31a58 (webtiles) character file.

Game seed: 4608999325183485855

110 Hubris850 the Sneak (level 4, 0/21 HPs)
             Began as a Spriggan Enchanter on Aug 2, 2022.
             Slain by an orc wizard
             ... wielding a +0 dagger
              (1 damage)
             ... on level 3 of the Dungeon.
             The game lasted 00:06:21 (1916 turns).

Hubris850 the Sneak (Spriggan Enchanter)            Turns: 1916, Time: 00:06:21

Health: 0/21       AC:  2    Str:  4    XL:     4   Next: 61%
Magic:  8/9        EV: 22    Int: 18    God:
Gold:   91         SH:  0    Dex: 15    Spells: 1/8 levels left

rFire   + . .      SeeInvis +   l - +4 short sword (vamp)
rCold   . . .      Faith    .   (no shield)
rNeg    . . .      Spirit   .   b - +0 robe
rPois   .          Reflect  .   (helmet restricted)
rElec   .          Harm     .   (no cloak)
rCorr   .          Rampage  .   (gloves unavailable)
Will    .....                   (boots unavailable)
Stlth   +.........              (no amulet)
HPRegen 0.07/turn               m - +4 ring of evasion
MPRegen 0.11/turn               z - ring of protection from fire

@: confused, very quick
A: very small, no large weapons, unfitting armour, see invisible, speed 3
a: no special abilities


You were on level 3 of the Dungeon.
You visited 1 branch of the dungeon, and saw 4 of its levels.

You collected 91 gold pieces.

Inventory:

Hand Weapons
 a - a +1 dagger
 l - a +4 vampiric short sword (weapon)
Missiles
 q - a throwing net (quivered)
 y - 6 curare-tipped darts
Armour
 b - a +0 robe (worn)
 t - an orb of guile
Jewellery
 m - a +4 ring of evasion (left hand)
 x - a ring of ice
 z - a ring of protection from fire (right hand)
Wands
 u - a wand of polymorph (8)
Scrolls
 d - 3 scrolls of identify {unknown}
 e - a scroll of summoning {unknown}
 i - a scroll of magic mapping {unknown}
 j - 2 scrolls of vulnerability {unknown}
 r - a scroll of amnesia {unknown}
 s - 2 scrolls of teleportation {unknown}
 v - a scroll of brand weapon {unknown}
 w - 2 scrolls of noise {unknown}
 A - a scroll of enchant weapon {unknown}
Potions
 c - 2 potions of invisibility
 f - a potion of berserk rage {unknown}
 g - a potion of mutation {unknown}
 h - a potion of curing {unknown}
 k - a potion of degeneration {unknown}
 n - a potion of heal wounds {unknown}
 o - a potion of resistance {unknown}
 p - a potion of might {unknown}


   Skills:
 + Level 3.2 Short Blades
 - Level 3.6 Dodging
 - Level 6.1 Stealth
 - Level 2.6 Spellcasting
 + Level 3.9 Hexes


You had one spell level left.
You knew the following spells:

 Your Spells              Type           Power      Damage    Failure   Level
a - Ensorcelled Hibernat  Hex/Ice        18%        N/A       12%         2
b - Passwall              Tmut/Erth      1%         N/A       26%         2
c - Confusing Touch       Hex            16%        N/A       10%         3

Your spell library contained the following spells:

 Spells                   Type           Power      Damage    Failure   Level
 Sandblast                Erth           4%         2d4       17%         1
 Tukima's Dance           Hex            16%        N/A       10%         3
 Dazzling Flash           Conj/Hex       18%        N/A       22%         3
 Stone Arrow              Conj/Erth      4%         3d7       45%         3
 Yara's Violent Unravell  Hex/Tmut       4%         3d4       91%         5
 Enfeeble                 Hex            8%         N/A       100%        7


Dungeon Overview and Level Annotations

Branches:
Dungeon (4/15)
 Temple: D:4-7

Altars:
Ru

Shops:
D:2 *

Annotations:
D:4 exclusion: 2 orcs


Innate Abilities, Weirdness & Mutations

You are very small and have problems with some larger weapons.
You are too small for most types of armour.
You have supernaturally acute eyesight. (SInv)
You cover ground extremely quickly. (Speed+++)


Message History

The orc wizard hits you with a +0 dagger.
The orc wizard points at you and mumbles some strange words.
You easily resist.
You hit the orc wizard but do no damage.
The orc wizard hits you with a +0 dagger.
The orc wizard barely misses you.
You hit the orc wizard.
You feel better.
The orc wizard is moderately wounded.
The orc wizard closely misses you.
The orc wizard hits you with a +0 dagger.
You hit the orc wizard.
You feel better.
The orc wizard is heavily wounded.
The orc wizard casts a spell.
The orc wizard flickers and vanishes for a moment.
The orc wizard points at you and mumbles some strange words.
The puff of flame hits you. You resist.
You closely miss the orc wizard.
The orc wizard is heavily wounded.
The orc wizard barely misses you. The orc wizard completely misses you.
You barely miss the orc wizard.
The orc wizard is heavily wounded.
The orc wizard casts a spell at you. The magic dart hits you!
* * * LOW HITPOINT WARNING * * *
The orc wizard casts a spell at you.
You are confused.
You bump into the rock wall.
The orc wizard points at you and mumbles some strange words.
The puff of flame misses you.
The orc wizard gestures at you while chanting.
The puff of flame misses you.
You bump into the rock wall.
The orc wizard misses you.
The orc wizard hits you with a +0 dagger.
* * * LOW HITPOINT WARNING * * *
You bump into the rock wall.
The orc wizard closely misses you. The orc wizard casts a spell at you.
You are more confused.
You're too confused to move!
The orc wizard closely misses you.
The orc wizard hits you with a +0 dagger.
You die...

#. ...# ... #.#.......
..# #........# #.#
#.#.#.#..#####.#
##.#.#.......##.##
bS#...#..##.#...#
#o#...#..##.#...###
.#####o#...#............
......o@....?.##.###.†..
##.#######.##........##.
#...........##.
#.......##..##.
#.##.#####..... #.##.#
###.###. ...#.. .$......
#>..########.##. #.##.


You could see 2 orc wizards, an adder, an orc and a bat.

Vanquished Creatures
  A hound (D:4)
  A gnoll (D:1)
  An adder (D:2)
  An ufetubus (D:4)
  A worm (D:2)
  3 dart slugs
  2 orcs (D:3)
  5 ball pythons
  4 bats
  7 endoplasms
  A giant cockroach (D:1)
  2 goblins
  5 hobgoblins
  2 kobolds (D:2)
  A quokka (D:4)
  7 rats
44 creatures vanquished.

Notes
Turn   | Place    | Note
-------+----------+-------------------------------------------
     0 | D:1      | Hubris850 the Spriggan Enchanter began the quest for the
                  | Orb.
     0 | D:1      | Reached XP level 1. HP: 9/9 MP: 5/5
   128 | D:1      | Reached XP level 2. HP: 12/13 MP: 6/6
   193 | D:1      | Learned a level 2 spell: Ensorcelled Hibernation
   211 | D:1      | Found a faded altar of an unknown god.
   284 | D:1      | Learned a level 2 spell: Passwall
   546 | D:1      | Reached skill level 5 in Stealth
   992 | D:2      | Reached XP level 3. HP: 16/16 MP: 8/8
  1179 | D:2      | Found a sacrificial altar of Ru.
  1212 | D:2      | You fall into a shaft and drop 2 floors!
  1238 | D:4      | Reached XP level 4. HP: 21/21 MP: 9/9
  1261 | D:4      | Learned a level 3 spell: Confusing Touch
  1324 | D:4      | Reached skill level 6 in Stealth
  1659 | D:2      | Found Castrugecs's Assorted Antiques.
  1914 | D:3      | HP: 1/21 [orc wizard/+0 dagger (2)]
  1916 | D:3      | Slain by an orc wizard

Illustrated notes

Levels and vault maps discovered:
D:1:      scummos_arrival_star, layout_basic, shapermc_ecumenical_altar_gd
D:2:      layout_basic, serial_shops, shop, basic_altar
D:3:      layout_loops_cross
D:4:      layout_loops_ring

Skill      XL: |  1  2  3  4 |
---------------+-------------+-----
Dodging        | 3 |  3.6
Short Blades   | 2 3 |  3.2
Stealth        | 5 6 |  6.1
Spellcasting   | |  2.6
Hexes          | |  3.9

Action                   |  1- 3 |  4- 6 || total
-------------------------+-------+-------++-------
Melee: Dagger            |    31 |       ||    31
       Short sword       |    20 |    46 ||    66
 Cast: Ensorcelled Hiber |     4 |     2 ||     6
 Stab: Sleeping          |    11 |     5 ||    16
Armor: Robe              |     4 |     1 ||     5
Dodge: Dodged            |    26 |    49 ||    75

Table legend: (Time is in decaauts)
 A = Elapsed time spent in this place.
 B = Non-inter-level travel time spent in this place.
 C = Inter-level travel time spent in this place.
 D = Time resting spent in this place.
 E = Time spent auto-exploring this place.
 F = Levels seen in this place.
 G = Mean time per level.
                   A        B        C        D        E       F      G
               +--------+--------+--------+--------+--------+-----+--------+
         Total |   1341 |   1313 |     28 |    283 |    684 |   4 |  335.2 |
       Dungeon |   1341 |   1313 |     28 |    283 |    684 |   4 |  335.2 |
               +--------+--------+--------+--------+--------+-----+--------+

Top non-repeatable levels by time:
     D:1: 665 daAuts
     D:2: 488 daAuts
     D:4: 101 daAuts
     D:3: 86 daAuts
